 Dungeon Crawl Stone Soup version 0.31-a0-726-g3c93526463 (webtiles) character file.

Game seed: 6651100101091091017

4727 CrazyBamboolord the Mimic (level 10, -13/100 HPs)
             Began as a Troll Shapeshifter on Sept 11, 2023.
             Was an Initiate of Qazlal.
             Mangled by a cyan ugly thing (16 damage)
             ... on level 8 of the Dungeon.
             The game lasted 00:15:32 (5858 turns).

CrazyBamboolord the Mimic (Troll Shapeshifter)      Turns: 5858, Time: 00:15:33

Health: -13/100    AC:  9    Str: 28    XL:     10   Next: 22%
Magic:  18/18      EV: 11    Int:  6    God:    Qazlal [......]
Gold:   54         SH:  0    Dex:  9    Spells: 9/9 levels left

rFire   . .          .
                       - Unarmed
rCold   + . .        (shield currently unavailable)
rNeg    . . .        G - +2 robe {Will+}
rPois   .            (helmet restricted)
rElec   .            q - +2 cloak {Stlth+}
rCorr   .            (gloves unavailable)
SInv    .            (boots unavailable)
Will    +....        z - amulet of magic regeneration
Stlth   +            D - ring of magical power
HPRegen 1.16/turn    e - ring of protection from cold
MPRegen 0.56/turn

%: no passive effects
@: flux-form, glowing
A: glow, contaminating, large, unfitting armour, claws 3, regeneration 1, shaggy
fur 1, tough skin 1
a: Begin Untransformation, Renounce Religion


You were on level 8 of the Dungeon.
You worshipped Qazlal.
Qazlal was noncommittal.
You were something dangerously unstable.
You visited 2 branches of the dungeon, and saw 9 of its levels.
You also visited: Sewer.

You collected 336 gold pieces.
You spent 282 gold pieces at shops.

Inventory:

Armour
 q - a +2 cloak of stealth (worn)
 G - a +2 robe of willpower (worn)
Jewellery
 e - a ring of protection from cold (right claw)
 i - a +6 ring of intelligence
 y - a ring of ice
 z - an amulet of magic regeneration (around neck)
 D - a ring of magical power (left claw)
Talismans
 c - a beast talisman
 d - a flux talisman (active)
Wands
 p - a wand of flame (46) (quivered)
 F - a wand of digging (7)
Scrolls
 g - 4 scrolls of blinking
 h - 2 scrolls of acquirement {unknown}
 k - a scroll of poison {unknown}
 l - a scroll of fog {unknown}
 m - 3 scrolls of amnesia
 r - 3 scrolls of enchant weapon {unknown}
 s - 2 scrolls of enchant armour
 u - a scroll of teleportation {unknown}
 w - a scroll of brand weapon {unknown}
 x - a scroll of vulnerability {unknown}
 B - a scroll of immolation {unknown}
 C - a scroll of fear {unknown}
 E - a scroll of torment {unknown}
Potions
 f - a potion of cancellation
 j - 2 potions of brilliance
 n - 2 potions of heal wounds {unknown}
 t - a potion of degeneration {unknown}
 A - 2 potions of haste {unknown}


   Skills:
 + Level 6.6 Fighting
 + Level 6.6 Dodging
 + Level 6.8 Unarmed Combat
 * Level 8.2 Shapeshifting


You had 9 spell levels left.
You didn't know any spells.
Your spell library contained the following spells:

 Spells                   Type           Power      Damage    Failure   Level
 Summon Small Mammal      Summ           0%         N/A       45%         1
 Call Canine Familiar     Summ           0%         N/A       83%         3
 Dazzling Flash           Conj/Hex       0%         N/A       83%         3
 Hailstorm                Conj/Ice       0%         3d3       83%         3
 Summon Guardian Golem    Hex/Summ       0%         N/A       83%         3
 Summon Ice Beast         Ice/Summ       0%         N/A       99%         4
 Agony                    Necr           0%         N/A       100%        5
 Silence                  Hex/Air        0%         N/A       100%        5
 Simulacrum               Ice/Necr       0%         N/A       100%        6


Dungeon Overview and Level Annotations

Branches:
Dungeon (8/15)             Temple (1/1) D:7           Sewer (visited)
   Lair: D:8-11

Altars:
Ashenzari
Cheibriados
Dithmenos
Elyvilon
Fedhas
Gozag
Hepliaklqana
Kikubaaqudgha
Makhleb
Nemelex Xobeh
Okawaru
Qazlal
Ru
Sif Muna
Trog
Uskayaw
Vehumet
Wu Jian
Xom
Yredelemnul
Zin
The Shining One

Shops:
D:3 !   D:7 [[:=

Annotations:
D:4 1 exclusion


Innate Abilities, Weirdness & Mutations

You are something dangerously unstable.
You glow with magical radiation, making you easy to see and hit.
Foes you strike become dangerously contaminated with magical radiation.
You are incapable of wielding weapons or throwing items.
You are too large for most types of armour.
You have claws for hands.
Your natural rate of healing is unusually fast.
You are covered in fur. (AC +1)
You have tough skin. (AC +1)


Message History

The cyan ugly thing is heavily wounded.
The cyan ugly thing trunk-slaps you but does no damage.
Unknown command.
You smack the cyan ugly thing!
The cyan ugly thing is severely wounded.
The cyan ugly thing stops glowing.
The cyan ugly thing trunk-slaps you!
* * * LOW HITPOINT WARNING * * *
The cyan ugly thing shocks you!
* * * LOW HITPOINT WARNING * * *
The boulder beetle leaps!
You closely miss the cyan ugly thing.
The cyan ugly thing is heavily wounded.
The cyan ugly thing trunk-slaps you.
* * * LOW HITPOINT WARNING * * *
The cyan ugly thing shocks you!
* * * LOW HITPOINT WARNING * * *
Unknown command.
You feel better.
The cyan ugly thing trunk-slaps you but does no damage.
You feel better.
The cyan ugly thing trunk-slaps you but does no damage.
You feel better. The cyan ugly thing trunk-slaps you!
* * * LOW HITPOINT WARNING * * *
The cyan ugly thing shocks you!
* * * LOW HITPOINT WARNING * * *
You feel better.
The cyan ugly thing trunk-slaps you but does no damage.
It was a potion of cancellation.
Your magical effects are unravelling.
You feel magically purged.
You feel less wooden.
Your +2 cloak of stealth unmelds from your body.
Your +2 robe of willpower unmelds from your body.
You feel stealthy.
You feel strong-willed.
You turn into something dangerously unstable.
You feel a little less mighty now. The cyan ugly thing trunk-slaps you!
* * * LOW HITPOINT WARNING * * *
The cyan ugly thing shocks you!
You die...

.. ....######
.........# ###..#
##..#.# ##..##.#
#####.)###.#
###.##..##.#.##
###B..#.)##..#..####
#.u##...##..##......
#..#.###.†).###.##...
#.B##
..####..#.#.##...
#... #u##
###..#.##..> ...
#B!## ####.##.)) ..
#cJ=[## #.##..) .
#.##C:} #.##...
#e{Q.## #......


You could see a boulder beetle (misshapen) and a cyan ugly thing.

Vanquished Creatures
  A centaur warrior (D:8)
  Pikel (D:4)
  A deep elf pyromancer (D:8)
  A cyclops (D:8)
  An unseen horror (D:8)
  Grinder (D:3)
  A slime creature (D:8)
  Eustachio (D:6)
  An orc warrior (D:8)
  2 ice beasts
  2 black bears
  2 ogres
  A phantom (D:4)
  5 kobold brigands
  2 bullfrogs
  A killer bee (D:8)
  Crazy Yiuf (D:2)
  A jelly (D:5)
  4 orc priests
  3 hounds
  Jessica (D:3)
  2 iguanas
  Natasha (thrice) (D:3)
  9 orc wizards
  Robin (D:4)
  6 adders
  A river rat (D:4)
  A shadow imp (D:6)
  2 white imps (D:7)
  An ufetubus (D:4)
  9 worms
  25 orcs
  5 endoplasms
  5 giant cockroaches
  15 goblins
  6 hobgoblins
  9 jackals
  19 kobolds
  3 quokkas
  11 ball pythons
  5 bats
  2 frilled lizards
  11 rats
  A butterfly (D:7)
186 creatures vanquished.

Notes
Turn   | Place    | Note
-------+----------+-------------------------------------------
     0 | D:1      | CrazyBamboolord the Troll Shapeshifter began the quest for
                  | the Orb.
     0 | D:1      | Reached XP level 1. HP: 18/18 MP: 0/0
    54 | D:1      | Reached XP level 2. HP: 24/26 MP: 1/1
   334 | D:1      | Reached skill level 4 in Shapeshifting
   478 | D:1      | Reached XP level 3. HP: 32/32 MP: 2/2
   817 | D:2      | Found a faded altar of an unknown god.
  1323 | D:2      | Found a runed translucent door.
  1324 | D:2      | Noticed Crazy Yiuf
  1331 | D:2      | Killed Crazy Yiuf
  1332 | D:2      | Reached XP level 4. HP: 40/40 MP: 3/3
  1541 | D:3      | Reached skill level 5 in Shapeshifting
  1611 | D:3      | Noticed Natasha
  1613 | D:3      | Killed Natasha
  1614 | D:3      | Reached XP level 5. HP: 46/46 MP: 4/4
  1680 | D:3      | Noticed Grinder
  1688 | D:3      | Paralysed by Grinder for 2 turns
  1696 | D:3      | Killed Grinder
  1697 | D:3      | Reached skill level 6 in Shapeshifting
  1697 | D:3      | Reached XP level 6. HP: 43/54 MP: 5/5
  1777 | D:3      | Noticed Natasha
  1781 | D:3      | Killed Natasha
  1818 | D:3      | Noticed Natasha
  1826 | D:3      | Killed Natasha
  1827 | D:3      | Reached skill level 7 in Shapeshifting
  1868 | D:3      | Found Waf Buh's Distillery.
  1875 | D:3      | Bought a potion of curing for 30 gold pieces
  1875 | D:3      | Bought a potion of curing for 30 gold pieces
  1875 | D:3      | Bought a potion of might for 40 gold pieces
  1890 | D:3      | Noticed Jessica
  1893 | D:3      | Killed Jessica
  1894 | D:3      | Reached skill level 1 in Fighting
  1897 | D:3      | Found a glowing golden altar of the Shining One.
  2123 | D:4      | Reached XP level 7. HP: 62/62 MP: 6/6
  2135 | D:4      | Found a glowing drain.
  2158 | Sewer    | Entered a sewer
  2796 | D:4      | Noticed Pikel
  2803 | D:4      | Killed Pikel
  2804 | D:4      | Reached skill level 5 in Unarmed Combat
  2804 | D:4      | Reached XP level 8. HP: 70/76 MP: 7/7
  2885 | D:4      | Found an opulent altar of Gozag.
  2908 | D:4      | Noticed Robin
  2942 | D:4      | Killed Robin
  3002 | D:4      | Found a hazy altar of Hepliaklqana.
  3269 | D:4      | Found a large runed translucent door.
  3270 | D:4      | Found a large runed translucent door.
  3482 | D:4      | Found a white marble altar of Elyvilon.
  3492 | D:4      | Found an ornate altar of the Wu Jian Council.
  3523 | D:5      | Entered Level 5 of the Dungeon
  4150 | D:6      | Reached XP level 9. HP: 85/85 MP: 8/8
  4217 | D:6      | Noticed Eustachio
  4231 | D:6      | Killed Eustachio
  4232 | D:6      | Reached skill level 5 in Dodging
  4404 | D:6      | Reached skill level 5 in Fighting
  4689 | D:7      | Found Ishosiokeu's Book Shoppe.
  4711 | D:7      | Found a staircase to the Ecumenical Temple.
  4737 | Temple   | Found a transporter.
  4737 | Temple   | Found a transporter.
  4737 | Temple   | Found a transporter.
  4737 | Temple   | Found a transporter.
  4737 | Temple   | Entered the Ecumenical Temple
  4860 | Temple   | Became a worshipper of Qazlal Stormbringer
  5133 | D:7      | Found Kippic's Antique Armour Boutique.
  5159 | D:7      | Found Aruth's Antique Armour Shoppe.
  5177 | D:7      | Bought an embroidered robe for 122 gold pieces
  5311 | D:3      | Bought a potion of curing for 30 gold pieces
  5311 | D:3      | Bought a potion of curing for 30 gold pieces
  5654 | D:7      | Found Moxkam's Jewellery Shoppe.
  5797 | D:8      | Noticed a purple ugly thing
  5797 | D:8      | Noticed a boulder beetle
  5797 | D:8      | Noticed a centaur warrior
  5797 | D:8      | Noticed a cyclops
  5797 | D:8      | Noticed a deep elf pyromancer
  5797 | D:8      | Noticed a tengu conjurer
  5811 | D:8      | Killed a centaur warrior
  5814 | D:8      | Killed a deep elf pyromancer
  5815 | D:8      | Reached XP level 10. HP: 88/100 MP: 9/9
  5831 | D:8      | Killed a cyclops
  5832 | D:8      | Reached skill level 8 in Shapeshifting
  5853 | D:8      | HP: 6/150 [cyan ugly thing (15)]
  5858 | D:8      | HP: 3/100 [cyan ugly thing (7)]
  5858 | D:8      | Mangled by a cyan ugly thing

Illustrated notes

Levels and vault maps discovered:
D:1:      scummos_arrival_simple_crosswalls, layout_loops_ring
D:2:      layout_loops_ring, hellmonk_ecumenical_altar_crossroads,
          uniq_crazy_yiuf_cottage
D:3:      layout_loops_ring, lemuel_crystal_altar, serial_shops,
          nicolae_shop_behind_doors, uniq_grinder, uniq_natasha, uniq_jessica
D:4:      layout_basic, jmf_multi_god_temple2, mainiacjoe_overflow_catwalk,
          mainiacjoe_overflow_alcove_4, portal_sewer_entry_a, minmay_surrounded,
          uniq_robin, uniq_pikel
D:5:      layout_cave_pools, nicolae_figureground_pulse
D:6:      layout_basic, uniq_eustachio
D:7:      layout_basic, minmay_temple_entry_butterflies, serial_shops,
          nicolae_shop_rolled_up, kennysheep_mini_moat, kennysheep_mini, shop,
          nicolae_square_shop
D:8:      minmay_the_grid_triangle_9x9_recursive_2
          [minmay_the_grid_triangle_9x9_prize_insulated,
          minmay_the_grid_triangle_9x9_semitri,
          minmay_the_grid_triangle_9x9_cache,
          minmay_the_grid_triangle_9x9_empty], layout_rooms,
          erik_lair_orcish_takeover, kennysheep_generic_room_16, uniq_joseph
Temple:   hellmonk_temple_divided_pantheon

Skill      XL: |  1  2  3  4  5  6  7  8  9 10 |
---------------+-------------------------------+-----
Shapeshifting  | 4 5 6 7 8 |  8.2
Fighting       | 1 3 4 6 |  6.6
Dodging        | 2 3 4 6 |  6.6
Unarmed Combat | 5 6 |  6.8

Action                     |  1- 3 |  4- 6 |  7- 9 | 10-12 || total
---------------------------+-------+-------+-------+-------++-------
  Melee: Unarmed           |    86 |    54 |   318 |    27 ||   485
         Punch             |     1 |     1 |     5 |       ||     7
  Evoke: Wand              |       |       |       |     1 ||     1
    Use: Scroll            |       |     4 |     4 |       ||     8
         Potion            |       |       |       |     9 ||     9
   Stab: Distracted        |       |       |       |     1 ||     1
 Armour: Animal skin       |    46 |    42 |   199 |       ||   287
         Robe              |       |       |    40 |    15 ||    55
         Skin              |       |       |       |     9 ||     9
  Dodge: Dodged            |    22 |    14 |   158 |     8 ||   202
         Form:             |       |     1 |       |       ||     1
         Beast             |       |     1 |       |       ||     1
         Flux              |       |       |     1 |       ||     1

Table legend: (Time is in decaauts)
 A = Elapsed time spent in this place.
 B = Non-inter-level travel time spent in this place.
 C = Inter-level travel time spent in this place.
 D = Time resting spent in this place.
 E = Time spent auto-exploring this place.
 F = Levels seen in this place.
 G = Mean time per level.
                   A        B        C        D        E       F      G
               +--------+--------+--------+--------+--------+-----+--------+
         Total |   5815 |   5398 |    417 |      7 |   4091 |  10 |  581.5 |
       Dungeon |   5111 |   4694 |    417 |      7 |   3695 |   8 |  638.9 |
        Temple |    139 |    139 |      0 |      0 |      3 |   1 |  139.0 |
         Sewer |    564 |    564 |      0 |      0 |    393 |   1 |  564.0 |
               +--------+--------+--------+--------+--------+-----+--------+

Top non-repeatable levels by time:
     D:4: 909 daAuts
     D:2: 783 daAuts
     D:7: 773 daAuts
     D:3: 755 daAuts
     D:6: 709 daAuts
     D:1: 604 daAuts
   Sewer: 564 daAuts
     D:5: 410 daAuts
     D:8: 165 daAuts
  Temple: 139 daAuts
